cohdb
Replays
Latest Replays
All Replays
Popular Replays
Top Player Replays
Match Explorer
How It Works
Community
CoH3 Stats
Reddit
Sign in to upload your games and track your stats! →
Sign in with Steam
Match 25220014
Unlisted
Match 25220014
Overview
Messages
Build Orders
End
Vickers Machine Gun Team
Construct Section Command Post
Dingo Light Scout Car
Selects Heavy Armor Battlegroup
Vickers Machine Gun Team
ML 3-inch Mortar Team
ML 3-inch Mortar Team
Construct Platoon Command Post
Selects Engineer Detachments
Team Weapon Training
Royal Engineer Section
6-pounder Anti-tank Gun Team
Humber Armored Car
Construct Field Infirmary
Infantry Section
6-pounder Anti-tank Gun Team
Selects Crusader AA Medium Tank
Selects UNKNOWN (2162094)
6-pounder Anti-tank Gun Team
Grenade Package
Construct Company Command Post
Selects Light Vehicle Withdraw and Refit
Selects Radio Net
Foot Guards Section
Churchill IV Heavy Tank
Foot Guards Section
Royal Engineer Section
Royal Engineer Section
Royal Engineer Section
Selects Recon Artillery
Recon Artillery
Churchill IV Heavy Tank
Recon Artillery
Churchill IV Heavy Tank
Armored Vehicle Training
Recon Artillery
^3
Increase
0
0
Comments
sign in to comment!
No comments posted yet!